Zazza, neutral female human Tourist # ------------ -------.- ############ |...........# |....`..-# #------ # -------------- ---- |..........|# |......>|# #|....| ####-...........(| |..| |..........|# |.......|####|..<.| ##|............| |..| |..........|# ----|---- ##|.....# ##.........._...# ---- |..........-###################|....|# #--------------# |..........|# ### # |....|# ### # --------|---# # ### ------# # # ##### # #### # # # # # # -.--------- ### # # ## ### ####..........| # # # #-------- # ###|.........| ### # # #|.(.@.*| --|--- ###..........| # # # #|....m.| |....|######## |.........| ########## # #f@F....| |....| |.........| #------|----# |.....[| |....| ----------- #|.........|# |....(.| ------ # # #...........# |.`..[.| |.........| -------- ----------- Zazza the Rambler Experience level: 1 Strength: 10 Dexterity: 13 Constitution: 13 Intelligence: 16 Wisdom: 9 Charisma: 16 Health: 0(15) Energy: 2(2) Def: 0 Gold: 0 Moves: 2521 Dungeon seed: hzKjQQI3pnifed8x Game ID: Zazza_1575657679 Your Inventory: Weapons a - 38 +2 darts (in quiver) b - a +0 short sword p - a cursed -1 long sword t - a +0 orcish dagger T - a +0 elven dagger (weapon in hand) Armor e - an uncursed +0 Hawaiian shirt (being worn) Scrolls k - a blessed scroll of identify o - an uncursed scroll of confuse monster v - a blessed scroll of amnesia x - an uncursed scroll of fire A - an uncursed scroll of enchant weapon B - an uncursed scroll of enchant armor D - a cursed scroll of food detection E - an uncursed scroll of gold detection H - an uncursed scroll of remove curse J - an uncursed scroll of genocide K - an uncursed scroll of earth W - an uncursed scroll of teleportation Potions d - an uncursed potion of booze i - an uncursed potion of see invisible r - an uncursed potion of blindness s - an uncursed potion of gain energy F - an uncursed potion of levitation G - an uncursed potion of extra healing R - a cursed potion of see invisible Z - an uncursed potion of water Gems q - an uncursed worthless piece of red glass y - 2 uncursed worthless pieces of yellow glass Spells and supernatural/magical abilities: Name Level Category Fail Memory a - force bolt 1 attack 2% 88% e - charm monster 3 enchantment 100% 92% z - sleep 1 enchantment 2% 93% H - haste self 3 escape 100% 92% T - turn undead 6 clerical 100% 88% W - pray for help -- divine ? -- Your skills at the end: Fighting Skills Weapon Skills dart [Basic] Spellcasting Skills Final Attributes: You were aligned. You are dead. Vanquished creatures: 2 kobold lords a hobbit a yellow mold a gecko 4 jackals a kobold 2 goblins 3 sewer rats 6 grid bugs 3 lichens a kobold zombie 9 newts 34 creatures vanquished. Voluntary challenges: You used a wielded weapon 17 times, starting on turn 629. You read items or engraved 78 times, starting on turn 3. You never genocided any monsters. You never polymorphed an object. You never changed form. You used no wishes. You never split a pudding. You wrote Elbereth's name 1 time, starting on turn 2390. You never violated your personal moral code. Dungeon overview: The Dungeons of Doom: levels 1 to 5 Level 1 an altar to Blind Io a long staircase Level 2 a scroll shop, a fountain a long staircase Level 3 Level 4 Level 5 <- You were here a general store, an altar to The Lady History has recorded: On T:1 you entered the Dungeons of Doom to retrieve the Amulet of Yendor! On T:320 you reached level 2 of The Dungeons of Doom. On T:1070 you reached level 3 of The Dungeons of Doom. On T:1368 you reached level 4 of The Dungeons of Doom. On T:1588 you reached level 5 of The Dungeons of Doom. Score breakdown: Gold: 0 ( 0 points) Experience: 1 level ( 0 points) Exploration: 5 levels ( 10.42%) ( 8751 points) Discoveries: 9 items ( 3.02%) ( 5213 points) Valuables value: (no points given unless you survive) Artifact value: 0 ( 0 points) Variety of kills: 12 monsters ( 3.15%) ( 5324 points) Turncount: 2521 turns ( -342 points) Survival: died (score multiplied by 80%) Total score: 15156 Latest messages: K - an uncursed scroll labeled ELAM EBOW. A - an uncursed scroll labeled ELBIB YLOH. B - an uncursed scroll labeled GARVEN DEH. W - an uncursed scroll labeled LEP GEX VEN ZEA. J - an uncursed scroll labeled NR 9. o - an uncursed scroll labeled READ ME. E - an uncursed scroll labeled VE FORBRYDERNE. x - an uncursed scroll labeled VENZAR BORGAVVE. D - a cursed scroll labeled ZELGO MER. k - a blessed scroll of identify. Z - an uncursed clear potion. r - an uncursed effervescent potion. F - an uncursed emerald potion. d - an uncursed golden potion. i - an uncursed magenta potion. R - a cursed magenta potion. s - an uncursed milky potion. G - an uncursed potion of extra healing. q - an uncursed red gem. y - 2 uncursed yellow gems. You displace Armand. "Aloha, Zazza! Welcome again to Sipaliwini's general store!" Wait! That's a small mimic! The small mimic hits! You die... Sipaliwini gratefully inherits all your possessions. Final status: Aloha Zazza the Tourist, killed by a small mimic... You died in The Dungeons of Doom on dungeon level 5 with 15156 points, and 0 pieces of gold, after 2521 moves. You were level 1 with a maximum of 15 hit points when you died.